 Dungeon Crawl Stone Soup version 0.30-a0-385-gfebfb9b408 (webtiles) character file.

Game seed: 762341774041949829

67574 Armakuni the Slicer (level 15, -15/115 HPs)
             Began as a Gnoll Wanderer on Dec 2, 2022.
             Was an Initiate of Gozag.
             Demolished by a skeletal warrior
             ... wielding a +3 vorpal scimitar
              (31 damage)
             ... on level 11 of the Dungeon.
             The game lasted 01:07:42 (25440 turns).

Armakuni the Slicer (Gnoll Wanderer)               Turns: 25440, Time: 01:07:43

Health: -15/115    AC: 18    Str: 21    XL:     15   Next: 23%
Magic:  0/39       EV: 16    Int:  5    God:    Gozag
Gold:   2718       SH:  7    Dex: 17    Spells: 22/36 levels left

rFire   . . .      SeeInvis .    a - +10 war axe of the Undead {flame, rElec Will+ Int-2 Dex+4}
rCold   . . .      Faith    .    q - +0 buckler
rNeg    . . .      Spirit   .    j - +4 ring mail
rPois   .          Reflect  .    n - -1 helmet "Fagafu" {Harm Rampage Regen+ Int-4}
rElec   +          Harm     +    B - scarf {repulsion}
rCorr   .          Rampage  +    e - +3 Mad Mage's Maulers {Infuse+∞ RegenMP Int-3}
Will    ++...                    x - +0 pair of boots
Stlth   ++++......               R - amulet of regeneration
HPRegen 1.99/turn                P - ring of magical power
MPRegen 0.66/turn                V - +6 ring of strength

@: gold aura, repel missiles
A: fangs 1, strong nose, distributed training
a: Renounce Religion, Potion Petition, Call Merchant, Bribe Branch


You were on level 11 of the Dungeon.
You worshipped Gozag.
Gozag was most pleased with you.
You visited 3 branches of the dungeon, and saw 21 of its levels.

You collected 5404 gold pieces.
You spent 1936 gold pieces at shops.
You paid 750 gold pieces to Gozag.

Inventory:

Hand Weapons
 a - the +10 war axe of the Undead (weapon) {flame, rElec Will+ Int-2 Dex+4}
   (You bought it in a shop on level 6 of the Dungeon)

   It burns those it strikes, dealing additional fire damage.
   Big, fiery blades are also staple armaments of hydra-hunters.
   Int:       It affects your intelligence (-2).
   Dex:       It affects your dexterity (+4).
   rElec:     It insulates you from electricity.
   Will:      It increases your willpower.
 z - a +0 broad axe
 J - the +9 war axe "Ifelaim" {vorpal, MP+9 SInv}
   (You bought it in a shop on level 6 of the Dungeon)

   It inflicts extra damage upon your enemies.
   MP:        It affects your magic capacity (+9).
   SInv:      It lets you see invisible.
Missiles
 h - 7 boomerangs (quivered)
 s - 2 curare-tipped darts
Armour
 e - the +3 Mad Mage's Maulers (worn) {Infuse+∞ RegenMP Int-3}
   (You bought it in a shop on level 9 of the Dungeon)

   It empowers its wearer's blows with all of their magic.
   It causes its wearer's magical reserves to regenerate more quickly.
   Int:       It affects your intelligence (-3).
 j - a +4 ring mail (worn)
 n - the -1 helmet "Fagafu" (worn) {Harm Rampage Regen+ Int-4}
   (You bought it in a shop on level 9 of the Dungeon)

   Int:       It affects your intelligence (-4).
   Regen:     It increases your rate of health regeneration.
   Harm:      It increases damage dealt and taken.
   Rampage:   It bestows one free step when moving towards enemies.
 q - a +0 buckler (worn)
 x - a +0 pair of boots (worn)
 B - a scarf of repulsion (worn)
Magical Staves
 b - a staff of poison
 t - a staff of cold
Jewellery
 P - a ring of magical power (left hand)
 R - an amulet of regeneration (around neck)
 V - a +6 ring of strength (right hand)
Wands
 p - a wand of paralysis (15)
 v - a wand of flame (19)
 G - a wand of polymorph (7)
 M - a wand of iceblast (13)
 N - a wand of light (4)
Scrolls
 c - a scroll of magic mapping
 k - 4 scrolls of teleportation
 w - 4 scrolls of enchant armour
 y - 2 scrolls of fear
 A - 3 scrolls of amnesia
 D - 5 scrolls of fog
 F - a scroll of blinking
 I - a scroll of poison
 L - a scroll of noise
 O - a scroll of summoning
 Q - a scroll of identify
Potions
 d - 8 potions of ambrosia
 f - 3 potions of mutation
 g - 13 potions of curing
 i - 9 potions of haste
 l - 5 potions of brilliance
 m - a potion of might
 o - 4 potions of heal wounds
 r - 4 potions of flight
 u - a potion of berserk rage
 C - 9 potions of lignification
 E - 3 potions of cancellation
 H - a potion of resistance
Miscellaneous
 K - a condenser vane


   Skills:
 + Level 10.3 Fighting
 + Level 13.1 Short Blades
 + Level 10.3 Long Blades
 + Level 10.3 Axes
 + Level 10.3 Maces & Flails
 + Level 10.3 Polearms
 + Level 10.3 Staves
 + Level 10.3 Ranged Weapons
 + Level 10.3 Throwing
 + Level 11.2 Armour
 + Level 10.3 Dodging
 + Level 10.3 Stealth
 + Level 10.6 Shields
 + Level 10.3 Unarmed Combat
 + Level 11.4 Spellcasting
 + Level 8.6 Conjurations
 + Level 8.6 Hexes
 + Level 8.6 Summonings
 + Level 8.6 Necromancy
 + Level 8.6 Translocations
 + Level 8.6 Transmutations
 + Level 8.6 Fire Magic
 + Level 8.6 Ice Magic
 + Level 8.6 Air Magic
 + Level 8.6 Earth Magic
 + Level 8.6 Poison Magic
 + Level 11.2 Invocations
 + Level 10.6 Evocations


You had 22 spell levels left.
You knew the following spells:

 Your Spells              Type           Power      Damage    Failure   Level
h - Swiftness             Air            11%        N/A       2%          3
k - Call Canine Familiar  Summ           11%        N/A       2%          3
o - Teleport Other        Tloc           11%        N/A       2%          3
r - Frozen Ramparts       Ice            22%        1d4       2%          3
w - Passwall              Tmut/Erth      9%         N/A       1%          2

Your spell library contained the following spells:

 Spells                   Type           Power      Damage    Failure   Level
 Freeze                   Ice            44%        1d6       1%          1
 Summon Small Mammal      Summ           44%        N/A       1%          1
 Ensorcelled Hibernation  Hex/Ice        22%        N/A       1%          2
 Gell's Gravitas          Tloc           11%        N/A       2%          3
 Hailstorm                Conj/Ice       11%        3d5       2%          3
 Vhi's Electric Charge    Tloc/Air       22%        N/A       2%          3
 Leda's Liquefaction      Hex/Erth       5%         N/A       9%          4
 Arcjolt                  Conj/Air       5%         1d15      24%         5
 Lee's Rapid Deconstruct  Erth           5%         3d6*      24%         5
 Dispersal                Tloc           5%         N/A       78%         6
 Statue Form              Tmut/Erth      7%         N/A       78%         6
 Maxwell's Capacitive Co  Air            5%         ∞         100%        8


Dungeon Overview and Level Annotations

Branches:
Dungeon (15/15)            Temple (1/1) D:4            Lair (5/5) D:11
  Swamp (0/4) Lair:3        Snake (0/4) Lair:2        Slime (0/5) Lair:4
    Orc (0/2) D:12
 Vaults: D:13-14     Depths: D:15

Altars:
Ashenzari
Cheibriados
Dithmenos
Elyvilon
Fedhas
Gozag
Hepliaklqana
Kikubaaqudgha
Makhleb
Nemelex Xobeh
Okawaru
Qazlal
Ru
Sif Muna
Trog
Uskayaw
Vehumet
Wu Jian
Xom
Yredelemnul
Zin
The Shining One

Shops:
D:6 (   D:9 [*   D:10 !


Innate Abilities, Weirdness & Mutations

You have very sharp teeth.
Your uncanny sense of smell can sniff out nearby items.
Your experience applies equally to all skills.


Message History

You hit the skeletal warrior. You burn the skeletal warrior.
The skeletal warrior hits you with a +0 glaive!!
The skeletal warrior barely misses you.
You block the skeletal warrior's attack.
You are too injured to fight recklessly!
You are too injured to fight recklessly!
You are too injured to fight recklessly!
You hit the skeletal warrior. You burn the skeletal warrior.
The skeletal warrior is severely damaged.
You hit the skeletal warrior but do no damage.
You slash the skeletal warrior! You burn the skeletal warrior.
The skeletal warrior misses you.
The skeletal warrior hits you with a +0 war axe!
The skeletal warrior hits you but does no damage.
You slash the skeletal warrior! You burn the skeletal warrior!
You destroy the skeletal warrior!
You hit the skeletal warrior. You burn the skeletal warrior.
You hit the skeletal warrior but do no damage.
The skeletal warrior hits you with a +0 war axe.
* * * LOW HITPOINT WARNING * * *
The skeletal warrior hits you but does no damage.
You slice the skeletal warrior!! You burn the skeletal warrior.
The skeletal warrior is heavily damaged.
You completely miss the skeletal warrior.
The skeletal warrior closely misses you.
The skeletal warrior barely misses you.
You hit the skeletal warrior. You burn the skeletal warrior.
The skeletal warrior is severely damaged.
You closely miss the skeletal warrior.
You block the skeletal warrior's attack.
The skeletal warrior hits you with a +3 vorpal scimitar!
* * * LOW HITPOINT WARNING * * *
x2 You hit the skeletal warrior but do no damage.
The skeletal warrior is severely damaged.
You hit the skeletal warrior. You burn the skeletal warrior.
The skeletal warrior hits you with a +0 war axe!
* * * LOW HITPOINT WARNING * * *
The skeletal warrior hits you with a +3 vorpal scimitar!!
You die...
Your body crumbles into a pile of gold.

.##..#....................#####
................#..........#..##
##.#....###...#.........##<....#
#####.....#....#..............##
###.#.........###.<.....#.....#
.##...........#........##...###
.......##.............#######
....#...........z)....#.###
.....###........@z).....#.###
....## #........$...........##
.....###........##......#....#
......#.................#.#..#
####.###.###.........).(.##.##
..†#..##..#...##..........###
†..#.......................#
††..............##........##
...#............##..##.....#


You could see 2 skeletal warriors.

Vanquished Creatures
  Agnes (D:14)
  Gastronok (D:10)
  A fire dragon (Lair:5)
  A rakshasa (D:10)
  2 catoblepae (Lair:4)
  5 hydras
  3 centaur warriors
  A death knight (D:10)
  A boulder beetle (D:11)
  9 death yaks
  4 two-headed ogres
  2 skeletal warriors
  A swamp dragon (Lair:5)
  A deep elf pyromancer (D:10)
  2 wolf spiders (Lair:5)
  2 ugly things (D:10)
  6 manticores
  9 elephants
  An oklob plant (Lair:4)
  2 cyclopes
  2 torpor snails (Lair:2)
  4 black mambas (Lair:5)
  A gargoyle (D:11)
  A guardian serpent (Lair:5)
  14 cane toads
  7 komodo dragons
  A merfolk (D:8)
  A queen bee (D:11)
  2 polar bears
  3 trolls (D:8)
  2 tyrant leeches (Lair:3)
  5 hornets
  4 slime creatures
  17 blink frogs
  A vampire (D:11)
  7 wyverns
  2 wraiths
  48 yaks
  3 redbacks (Lair:5)
  3 basilisks
  10 vampire mosquitoes
  2 hogs
  Menkaure (D:4)
  4 steam dragons
  2 nagas (Lair:2)
  3 acid dragons
  21 water moccasins
  A meliai simulacrum (D:15)
  An ice beast (D:7)
  An ogre (D:6)
  3 sky beasts
  12 black bears
  3 swamp drakes (Lair:5)
  8 orc warriors
  11 wolves (Lair:1)
  8 centaurs
  3 phantoms
  3 kobold brigands
  13 bullfrogs
  2 gnoll sergeants
  A necrophage (D:7)
  5 scorpions
  3 wights (D:8)
  45 killer bees
  A vampire bat (D:9)
  6 howler monkeys
  12 electric eels
  2 jellies
  3 orc priests
  3 gnoll boudas
  3 hounds (D:5)
  Jessica (D:2)
  5 iguanas
  7 orc wizards
  Natasha (thrice) (D:4)
  A mummy (D:3)
  20 gnolls
  7 adders
  A shadow imp (D:8)
  3 white imps
  An ufetubus (D:6)
  3 dart slugs (D:1)
  29 orcs
  5 ball pythons
  5 endoplasms
  3 giant cockroaches
  4 hobgoblins
  4 jackals (D:2)
  17 kobolds
  2 quokkas
  16 bats
  6 frilled lizards
  4 goblins
  4 rats
530 creatures vanquished.

Vanquished Creatures (collateral kills)
  A kobold demonologist (D:9)
  A wraith (D:9)
  A vampire mosquito (D:10)
  2 black bears (D:8)
  A wight (D:8)
  An orc priest (D:8)
  A gnoll (D:8)
  An orc (D:8)
9 creatures vanquished.

Vanquished Creatures (others)
  An ogre mage (D:10)
  A bush (Lair:2)
  37 fungi
  91 plants
130 creatures vanquished.

Grand Total: 669 creatures vanquished

Notes
Turn   | Place    | Note
-------+----------+-------------------------------------------
     0 | D:1      | Armakuni the Gnoll Wanderer began the quest for the Orb.
     0 | D:1      | Armakuni set off with the following items: a +2 short
                  | sword, a +0 buckler, a potion of attraction, a +0 robe; and
                  | the following spell memorised: Summon Small Mammal; and the
                  | following spells available to memorise: Call Canine
                  | Familiar.
     0 | D:1      | Reached XP level 1. HP: 13/13 MP: 6/6
   121 | D:1      | Reached XP level 2. HP: 19/19 MP: 7/7
   354 | D:1      | Reached skill level 5 in Spellcasting
   354 | D:1      | Reached XP level 3. HP: 23/25 MP: 7/9
   791 | D:1      | Reached skill level 1 in Invocations
   963 | D:2      | Reached skill level 1 in Fighting
   963 | D:2      | Reached skill level 1 in Long Blades
   963 | D:2      | Reached skill level 1 in Axes
   963 | D:2      | Reached skill level 1 in Maces & Flails
   963 | D:2      | Reached skill level 1 in Polearms
   963 | D:2      | Reached skill level 1 in Staves
   963 | D:2      | Reached skill level 1 in Ranged Weapons
   963 | D:2      | Reached skill level 1 in Throwing
   963 | D:2      | Reached skill level 1 in Dodging
   963 | D:2      | Reached skill level 1 in Stealth
   963 | D:2      | Reached skill level 1 in Unarmed Combat
  1052 | D:2      | Noticed Jessica
  1057 | D:2      | Reached XP level 4. HP: 32/32 MP: 11/11
  1078 | D:2      | Killed Jessica
  1079 | D:2      | Reached skill level 1 in Conjurations
  1079 | D:2      | Reached skill level 1 in Hexes
  1079 | D:2      | Reached skill level 1 in Summonings
  1079 | D:2      | Reached skill level 1 in Necromancy
  1079 | D:2      | Reached skill level 1 in Translocations
  1079 | D:2      | Reached skill level 1 in Transmutations
  1079 | D:2      | Reached skill level 1 in Fire Magic
  1079 | D:2      | Reached skill level 1 in Ice Magic
  1079 | D:2      | Reached skill level 1 in Air Magic
  1079 | D:2      | Reached skill level 1 in Earth Magic
  1079 | D:2      | Reached skill level 1 in Poison Magic
  1557 | D:3      | Found a snail-covered altar of Cheibriados.
  1673 | D:3      | Reached XP level 5. HP: 33/37 MP: 12/12
  1742 | D:3      | Found a hide-covered altar of Uskayaw.
  2289 | D:3      | Found a faded altar of an unknown god.
  2349 | D:4      | Noticed Menkaure
  2422 | D:4      | Killed Menkaure
  2423 | D:4      | Reached skill level 5 in Armour
  2423 | D:4      | Reached XP level 6. HP: 29/44 MP: 14/14
  2477 | D:4      | Noticed Natasha
  2483 | D:4      | Killed Natasha
  2565 | D:4      | Noticed Natasha
  2595 | D:4      | Killed Natasha
  2621 | D:4      | Found a bloodstained altar of Trog.
  2642 | D:4      | Found a staircase to the Ecumenical Temple.
  2657 | Temple   | Entered the Ecumenical Temple
  2834 | D:4      | Noticed Natasha
  2844 | D:4      | Killed Natasha
  2878 | D:4      | Found a basalt altar of Yredelemnul.
  3093 | D:5      | Entered Level 5 of the Dungeon
  3256 | D:5      | Reached XP level 7. HP: 50/50 MP: 15/15
  3577 | D:5      | Reached skill level 9 in Short Blades
  3940 | D:5      | Reached XP level 8. HP: 53/58 MP: 16/16
  4521 | D:6      | Found Mubiaq's Antique Weapon Shop.
  4536 | D:6      | Found a shimmering blue altar of Sif Muna.
  4997 | D:6      | Identified the +0 robe of Nigoocyr {Int+5}
  5399 | D:6      | Found a radiant altar of Vehumet.
  6239 | D:7      | Reached XP level 9. HP: 63/65 MP: 18/18
  6564 | D:7      | Found a blossoming altar of Fedhas.
  6667 | D:7      | Learned a level 3 spell: Call Canine Familiar
  6688 | D:7      | Reached skill level 5 in Shields
  6688 | D:7      | Reached skill level 5 in Evocations
  7179 | D:8      | Reached skill level 5 in Invocations
  7283 | D:8      | Identified the ring "Woghef" {Fly rPois Will- Str-5 Int+9}
  7360 | D:8      | Noticed a hornet
  7372 | D:8      | Killed a hornet
  7563 | D:7      | Reached skill level 5 in Fighting
  7563 | D:7      | Reached skill level 5 in Long Blades
  7563 | D:7      | Reached skill level 5 in Axes
  7563 | D:7      | Reached skill level 5 in Maces & Flails
  7563 | D:7      | Reached skill level 5 in Polearms
  7563 | D:7      | Reached skill level 5 in Staves
  7563 | D:7      | Reached skill level 5 in Ranged Weapons
  7563 | D:7      | Reached skill level 5 in Throwing
  7563 | D:7      | Reached skill level 5 in Dodging
  7563 | D:7      | Reached skill level 5 in Stealth
  7563 | D:7      | Reached skill level 5 in Unarmed Combat
  7563 | D:7      | Reached XP level 10. HP: 74/74 MP: 20/20
  7608 | D:8      | Reached skill level 10 in Short Blades
  8573 | D:7      | Learned a level 3 spell: Swiftness
  8576 | D:7      | Learned a level 2 spell: Passwall
  8580 | D:7      | Learned a level 3 spell: Teleport Other
  9037 | D:8      | Found an opulent altar of Gozag.
  9045 | D:8      | Became a worshipper of Gozag Ym Sagoz the Greedy
  9372 | D:8      | Noticed a two-headed ogre
  9405 | D:8      | Killed a two-headed ogre
  9531 | D:8      | Noticed a two-headed ogre
  9542 | D:8      | Killed a two-headed ogre
  9543 | D:8      | Reached skill level 5 in Conjurations
  9543 | D:8      | Reached skill level 5 in Hexes
  9543 | D:8      | Reached skill level 5 in Summonings
  9543 | D:8      | Reached skill level 5 in Necromancy
  9543 | D:8      | Reached skill level 5 in Translocations
  9543 | D:8      | Reached skill level 5 in Transmutations
  9543 | D:8      | Reached skill level 5 in Fire Magic
  9543 | D:8      | Reached skill level 5 in Ice Magic
  9543 | D:8      | Reached skill level 5 in Air Magic
  9543 | D:8      | Reached skill level 5 in Earth Magic
  9543 | D:8      | Reached skill level 5 in Poison Magic
  9543 | D:8      | Reached XP level 11. HP: 81/81 MP: 18/23
  9772 | D:8      | Noticed a manticore
  9787 | D:8      | Killed a manticore
 10704 | D:9      | Found Gozag's Platinum Reserve.
 11059 | D:9      | Noticed a two-headed ogre
 11090 | D:9      | Killed a two-headed ogre
 11353 | D:9      | Learned a level 3 spell: Frozen Ramparts
 11546 | D:9      | Reached skill level 11 in Short Blades
 11985 | D:9      | Found an opulent altar of Gozag.
 12020 | D:9      | Bought the -1 helmet "Fagafu" {Harm Rampage Regen+ Int-4}
                  | for 10 gold pieces
 12292 | D:10     | Entered Level 10 of the Dungeon
 12327 | D:10     | Reached XP level 12. HP: 91/91 MP: 24/24
 12344 | D:10     | Noticed Gastronok
 12548 | D:10     | Killed Gastronok
 12733 | D:10     | Found a burning altar of Makhleb.
 12744 | D:10     | Noticed a cacodemon
 12748 | D:10     | Found a glowing silver altar of Zin.
 12748 | D:10     | Noticed an angel
 12894 | D:10     | Found Didd's Distillery.
 12953 | D:10     | Noticed an eight-headed hydra
 12953 | D:10     | Noticed a five-headed hydra
 12953 | D:10     | Noticed an ogre mage
 12953 | D:10     | Noticed a centaur warrior
 12953 | D:10     | Noticed a death knight
 12953 | D:10     | Noticed a rakshasa
 13353 | D:10     | Noticed a centaur warrior
 13362 | D:10     | Killed an eight-headed hydra
 13363 | D:10     | Killed a centaur warrior
 13371 | D:10     | Killed a five-headed hydra
 13375 | D:10     | Killed an ogre mage
 13948 | D:11     | Noticed a boulder beetle
 14572 | D:11     | Killed a boulder beetle
 14648 | D:9      | Bought the +3 Mad Mage's Maulers {Infuse+∞ RegenMP Int-3}
                  | for 1400 gold pieces
 14648 | D:9      | Found the +3 Mad Mage's Maulers {Infuse+∞ RegenMP Int-3}
 15061 | D:10     | Killed a death knight
 15062 | D:10     | Reached XP level 13. HP: 43/98 MP: 1/26
 15348 | D:10     | Killed a rakshasa
 16083 | D:11     | Found a staircase to the Lair.
 16159 | Lair:1   | Entered Level 1 of the Lair of Beasts
 16402 | Lair:1   | Reached skill level 12 in Short Blades
 16554 | Lair:1   | Reached skill level 10 in Spellcasting
 17765 | Lair:2   | Found a staircase to the Snake Pit.
 17997 | Lair:2   | Found a snail-covered altar of Cheibriados.
 18101 | Lair:2   | Reached skill level 10 in Armour
 18977 | Lair:3   | Found a staircase to the Swamp.
 19548 | Lair:3   | Reached XP level 14. HP: 103/108 MP: 0/28
 19721 | Lair:3   | You fall into a shaft and drop 2 floors!
 19721 | Lair:5   | Entered Level 5 of the Lair of Beasts
 19740 | Lair:5   | Reached skill level 10 in Invocations
 20802 | Lair:4   | Found a staircase to the Slime Pits.
 20815 | Lair:4   | Reached skill level 10 in Shields
 20815 | Lair:4   | Reached skill level 10 in Evocations
 22949 | Lair:5   | Reached skill level 10 in Fighting
 22949 | Lair:5   | Reached skill level 10 in Long Blades
 22949 | Lair:5   | Reached skill level 10 in Axes
 22949 | Lair:5   | Reached skill level 10 in Maces & Flails
 22949 | Lair:5   | Reached skill level 10 in Polearms
 22949 | Lair:5   | Reached skill level 10 in Staves
 22949 | Lair:5   | Reached skill level 10 in Ranged Weapons
 22949 | Lair:5   | Reached skill level 10 in Throwing
 22949 | Lair:5   | Reached skill level 10 in Dodging
 22949 | Lair:5   | Reached skill level 10 in Stealth
 22949 | Lair:5   | Reached skill level 10 in Unarmed Combat
 23267 | Lair:5   | Reached skill level 13 in Short Blades
 23499 | Lair:5   | Reached XP level 15. HP: 115/115 MP: 0/30
 24407 | D:6      | Bought a twisted war axe for 263 gold pieces
 24407 | D:6      | Identified the +9 war axe "Ifelaim" {vorpal, MP+9 SInv}
                  | (You bought it in a shop on level 6 of the Dungeon)
 24407 | D:6      | Bought a pitted war axe for 263 gold pieces
 24407 | D:6      | Identified the +10 war axe of the Undead {flame, rElec
                  | Will+ Int-2 Dex+4} (You bought it in a shop on level 6 of
                  | the Dungeon)
 24615 | D:12     | You fall into a shaft and drop 3 floors!
 24615 | D:15     | Entered Level 15 of the Dungeon
 24748 | D:14     | Noticed Agnes
 24756 | D:14     | Killed Agnes
 25395 | D:12     | Found a staircase to the Orcish Mines.
 25440 | D:11     | Demolished by a skeletal warrior

Illustrated notes

Levels and vault maps discovered:
D:1:      onia_arrival_mini_spirals, layout_basic, minmay_cupped
D:2:      layout_rooms, uniq_jessica
D:3:      layout_basic, slow_altar_1, nicolae_uskayaw_murder_on_the_dancefloor,
          dilly_ecumenical_altar_fadedgnrine, hangedman_glass_teeth
D:4:      layout_rooms, mainiacjoe_overflow_surrounded_room, marbit_many_paths,
          minmay_temple_entry_arrows, uniq_natasha, uniq_menkaure
D:5:      layout_basic, minivault_24
D:6:      lemuel_ice_spiral_2, layout_basic, lemuel_doored_altar,
          nicolae_overflow_hidden_temple, serial_shops, kennysheep_mini
D:7:      layout_loops_corners, mainiacjoe_overflow_brackets,
          kennysheep_pointless_box, serial_park_tiny_1
D:8:      kennysheep_town
D:9:      layout_basic, nicolae_gozag_zags_fifth_avenue, roderic_batcave,
          st_stairs_4, minmay_hedge_maze, minmay_strange_pillars
D:10:     layout_cave_pods, grunt_temple_overflow_order_and_chaos_2,
          serial_shops, nicolae_shop_crystal, solitary_fountain, minivault_28,
          uniq_gastronok
D:11:     layout_cave_pools, grunt_lair_entry_orc_guard_hut, special_room
          [special_room_bee]
D:12:     layout_cross, orc_0_dummy, serial_bayou, serial_bayou_shore_b,
          serial_bayou_pond_a, serial_bayou_lagoon_a, serial_bayou_pond_e
D:13:     layout_gridville
D:14:     layout_long_grid, david_vaults_1, minivault_25, uniq_agnes
D:15:     grunt_enter_depths_magical_seal, layout_basic, minmay_fountain_box,
          special_room [special_room_orc], uniq_kirke, uniq_jorgrun
Temple:   nicolae_temple_godzebo
Lair:1:   layout_hall_layers, serial_bayou_shore_a, grunt_megastairs_5
Lair:2:   layout_long_grid, guppyfry_snake_entry_island, kennysheep_snail_temple
Lair:3:   layout_cave_pods, minmay_swamp_entry_worms
Lair:4:   nzn_motion_control, layout_long_grid, minmay_slime_entry_oklob_open,
          serial_bayou_shore_b
Lair:5:   guppyfry_lair_end_dragon, layout_cave_pods,
          hangedman_lair_tendril_chambers

Skill      XL: |  1  2  3  4  5  6  7  8  9 10 11 12 13 14 15 |
---------------+----------------------------------------------+-----
Spellcasting   | 5 6 7 8 9 10 11 | 11.4
Invocations    | 1 2 3 4 5 6 7 8 9 10 11 | 11.2
Fighting       | 1 2 3 4 5 6 7 8 9 10 | 10.3
Long Blades    | 1 2 3 4 5 6 7 8 9 10 | 10.3
Axes           | 1 2 3 4 5 6 7 8 9 10 | 10.3
Maces & Flails | 1 2 3 4 5 6 7 8 9 10 | 10.3
Polearms       | 1 2 3 4 5 6 7 8 9 10 | 10.3
Staves         | 1 2 3 4 5 6 7 8 9 10 | 10.3
Ranged Weapons | 1 2 3 4 5 6 7 8 9 10 | 10.3
Throwing       | 1 2 3 4 5 6 7 8 9 10 | 10.3
Dodging        | 1 2 3 4 5 6 7 8 9 10 | 10.3
Stealth        | 1 2 3 4 5 6 7 8 9 10 | 10.3
Unarmed Combat | 1 2 3 4 5 6 7 8 9 10 | 10.3
Conjurations   | 1 2 3 4 5 6 7 8 |  8.6
Hexes          | 1 2 3 4 5 6 7 8 |  8.6
Summonings     | 1 2 3 4 5 6 7 8 |  8.6
Necromancy     | 1 2 3 4 5 6 7 8 |  8.6
Translocations | 1 2 3 4 5 6 7 8 |  8.6
Transmutations | 1 2 3 4 5 6 7 8 |  8.6
Fire Magic     | 1 2 3 4 5 6 7 8 |  8.6
Ice Magic      | 1 2 3 4 5 6 7 8 |  8.6
Air Magic      | 1 2 3 4 5 6 7 8 |  8.6
Earth Magic    | 1 2 3 4 5 6 7 8 |  8.6
Poison Magic   | 1 2 3 4 5 6 7 8 |  8.6
Shields        | 3 4 5 6 7 8 9 10 | 10.6
Evocations     | 3 4 5 6 7 8 9 10 | 10.6
Armour         | 5 6 7 8 9 10 11 | 11.2
Short Blades   | 9 10 11 12 13 | 13.1

Action                   |  1- 3 |  4- 6 |  7- 9 | 10-12 | 13-15 || total
-------------------------+-------+-------+-------+-------+-------++-------
Melee: Short sword       |   114 |   150 |       |       |       ||   264
       Bite              |    10 |    13 |    59 |   130 |   110 ||   322
       Rapier            |       |    31 |   585 |   433 |   156 ||  1205
       Staff             |       |       |       |   458 |   584 ||  1042
       War axe           |       |       |       |       |    51 ||    51
 Fire: Sling             |       |       |    23 |       |       ||    23
Throw: Stone             |       |     4 |     4 |     1 |       ||     9
       Boomerang         |       |       |       |    39 |    18 ||    57
       Dart              |       |       |       |     7 |     3 ||    10
 Cast: Call Canine Famil |       |       |       |    37 |       ||    37
       Frozen Ramparts   |       |       |       |    14 |     5 ||    19
Invok: Call Merchant     |       |       |       |     1 |       ||     1
Evoke: Wand              |       |     4 |    17 |    26 |     2 ||    49
  Use: Scroll            |     1 |     5 |     8 |    13 |     9 ||    36
       Potion            |       |     1 |       |     3 |     2 ||     6
 Stab: Sleeping          |     3 |       |       |     4 |    18 ||    25
       Invisible         |       |     1 |       |       |       ||     1
       Distracted        |       |       |       |    10 |     8 ||    18
Armor: Robe              |    18 |       |       |       |       ||    18
       Ring mail         |     5 |    42 |   165 |   292 |   244 ||   748
Dodge: Dodged            |    33 |    67 |   298 |   651 |   447 ||  1496
       Repelled          |       |       |       |       |     9 ||     9
Block: Buckler           |    21 |    23 |   115 |   260 |   216 ||   635

Table legend: (Time is in decaauts)
 A = Elapsed time spent in this place.
 B = Non-inter-level travel time spent in this place.
 C = Inter-level travel time spent in this place.
 D = Time resting spent in this place.
 E = Time spent auto-exploring this place.
 F = Levels seen in this place.
 G = Mean time per level.
                   A        B        C        D        E       F      G
               +--------+--------+--------+--------+--------+-----+--------+
         Total |  24946 |  23585 |   1361 |   4036 |  12977 |  21 | 1187.9 |
       Dungeon |  16799 |  15762 |   1037 |   3106 |   7752 |  15 | 1119.9 |
        Temple |    137 |    114 |     23 |      0 |     86 |   1 |  137.0 |
          Lair |   8009 |   7708 |    301 |    929 |   5139 |   5 | 1601.8 |
               +--------+--------+--------+--------+--------+-----+--------+

Top non-repeatable levels by time:
     D:8: 3045 daAuts
  Lair:5: 2446 daAuts
     D:9: 2284 daAuts
    D:10: 1934 daAuts
     D:7: 1876 daAuts
  Lair:3: 1561 daAuts
    D:11: 1509 daAuts
  Lair:1: 1506 daAuts
     D:5: 1403 daAuts
  Lair:4: 1353 daAuts
  Lair:2: 1140 daAuts
     D:6: 1140 daAuts
     D:3: 876 daAuts
     D:1: 815 daAuts
     D:2: 613 daAuts
